AoeStats
← ME_DEPRIME_JUGAR_CON_USTEDES

Arena

508095559Analyzed
4v4 RM · 11d ago on Sep 20, 2026· 36m 16s· 8 players
Game mode
Random Map
Map size
Large (8 player)
Population
200
Speed
Normal
Resources
Standard
Victory
Conquest
Starting age
Dark Age
Ending age
Imperial Age
RankedLock teamsTeams togetherTeam positionsShared explorationLock speedFull tech treeHidden civsTurbo modeCheats
Victory
Defeat
🇦🇷 Portuguese · Argentina
1844
+4
🇲🇽 Wu · Mexico
1578
+11
🇲🇽 Muisca · Mexico
1557
+11
🇨🇷 Dravidians · Costa Rica
1515
+12
1546
-12
🇦🇷 Bulgarians · Argentina
1479
-10
🇫🇷 Persians · France
1417
-8
🇨🇳 Teutons · China
1417
-8
ME_DEPRIME_JUGAR_CON_USTEDES
11:56 Feudal Age
15:47 Castle Age
13:46 Double-Bit Axe
15:21 Stone Mining
16:20 Horse Collar
17:04 Bow Saw
18:08 Wheelbarrow
21:27 Gold Mining
21:31 Fletching
24:30 Bodkin Arrow
27:18 Devotion
35:27 Imperial Age
35:17 Stone Shaft Mining
36:16 Bracer
37:18 Chemistry
guilleol1005
10:18 Feudal Age
13:54 Castle Age
12:08 Double-Bit Axe
12:16 Horse Collar
14:30 Bow Saw
14:44 Heavy Plow
16:20 Loom
17:29 Town Watch
20:27 Fletching
20:36 Elite Skirmisher
21:19 Padded Archer Armor
21:57 Bodkin Arrow
23:45 Leather Archer Armor
25:13 Light Cavalry
26:03 Bloodlines
26:42 Forging
27:08 Husbandry
x
10:33 Feudal Age
勇敢牛牛
10:38 Feudal Age
11:34 Double-Bit Axe
14:25 Castle Age
15:35 Double-Bit Axe
27:28 Wheelbarrow
32:07 Imperial Age
30:24 Loom
35:48 Imperial Age
VL La Parca (Red Paladin)
10:21 Feudal Age
14:26 Castle Age
13:03 Double-Bit Axe
15:29 Horse Collar
16:27 Bow Saw
17:26 Loom
19:01 Gold Mining
20:24 Scale Mail Armor
20:45 Squires
22:37 Forging
22:46 Arson
23:46 Heavy Plow
25:52 Wheelbarrow
25:49 Stone Mining
26:59 Padded Archer Armor
27:16 Chain Mail Armor
29:22 Hand Cart
31:00 Gold Shaft Mining
31:15 Iron Casting
35:30 Fletching
36:17 Stone Shaft Mining
38:19 Imperial Age
35:37 Man-at-Arms
36:07 Town Watch
37:10 Coinage
36:25 Treadmill Crane
VL Le_Manch
8:23 Loom
10:13 Feudal Age
11:06 Town Watch
12:35 Wheelbarrow
16:12 Castle Age
14:35 Double-Bit Axe
14:32 Horse Collar
17:20 Bow Saw
25:10 Heavy Plow
32:52 Hand Cart
33:41 Fletching
36:24 Imperial Age
34:25 Gold Mining
34:26 Stone Mining
34:38 Bodkin Arrow
35:10 Ballistics
35:29 Padded Archer Armor
35:44 Masonry
36:26 Stone Shaft Mining
36:27 Gold Shaft Mining
[VL] PACOTELLI
9:53 Feudal Age
14:26 Castle Age
12:22 Horse Collar
13:02 Double-Bit Axe
15:28 Bow Saw
16:02 Heavy Plow
21:47 Wheelbarrow
21:14 Loom
25:47 Gold Mining
25:50 Stone Mining
26:57 Hand Cart
29:41 Imperial Age
27:12 Fletching
28:25 Bodkin Arrow
28:36 Scale Barding Armor
29:17 Ballistics
30:17 Padded Archer Armor
30:22 Husbandry
30:38 Bracer
31:40 Chemistry
30:51 Elite Elephant Archer
31:52 Leather Archer Armor
33:03 Conscription
32:49 Medical Corps
34:05 Ring Archer Armor
33:47 Forging
33:45 Thumb Ring
35:37 Chain Barding Armor
36:50 Iron Casting
36:27 Careening
36:23 Siphons
VL Nahue05
10:31 Feudal Age
12:07 Feudal Age
15:45 Castle Age
16:49 Double-Bit Axe
19:46 Imperial Age
18:07 Gold Mining
19:44 Sanctity
21:27 Chemistry
20:58 Fervor
21:52 Block Printing
23:50 Redemption
25:24 Theocracy
32:28 Town Watch
34:15 Wheelbarrow
33:26 Loom
35:27 Hand Cart
35:53 Bow Saw
36:37 Siege Engineers
37:19 Coinage
Connection lost

Rejoining the realm…

Still unreachable

The connection could not be restored.

Session expired

The server has moved on; the page needs a fresh start.